 Dungeon Crawl Stone Soup version 0.31-a0-486-g8d68a81214 (webtiles) character file.

Game seed: 16097526169549736258

172 AstroCodex24 the Chopper (level 5, -7/32 HPs)
             Began as a Vampire Fighter on Aug 7, 2023.
             Killed by an exploding ball python (34 damage)
             ... ignited by their inner flame
             ... on level 3 of the Dungeon.
             The game lasted 00:10:29 (1890 turns).

AstroCodex24 the Chopper (Vampire Fighter)          Turns: 1890, Time: 00:10:33

Health: -7/32      AC:  0    Str: 15 (17) XL:     5   Next: 27%
Magic:  3/5        EV: 18    Int:  9 (11) God:
Gold:   114        SH:  0    Dex: 16 (18) Spells: 4/4 levels left

rFire   . . .        a - melded +0 war axe
rCold   + + .        c - melded +0 buckler
rNeg    + + +        e - melded +1 chain mail {rF+}
rPois   ∞            (helmet currently unavailable)
rElec   .            (cloak currently unavailable)
rCorr   .            s - melded +0 pair of gloves
SInv    +            (boots currently unavailable)
Will    .....        (no amulet)
Stlth   ++++         g - melded ring of resist corrosion
HPRegen 0.25/turn    n - melded ring of see invisible
MPRegen 0.09/turn

%: no passive effects
@: bat-form, flying, bloodless, very quick
A: fast, flying, no casting, tiny, bloodless, fangs 3, see invisible, vampiric 2
a: Revivify, End Transformation


You were on level 3 of the Dungeon.
You were a vampire bat.
You visited 1 branch of the dungeon, and saw 4 of its levels.

You collected 114 gold pieces.

Inventory:

Hand Weapons
 a - a +0 war axe (melded)
 u - a +1 trident of flaming
Armour
 b - a +0 scale mail
 c - a +0 buckler (melded)
 e - a +1 chain mail of fire resistance (melded)
 m - a +0 plate armour
 s - a +0 pair of gloves (melded)
 v - a +0 pair of boots
Jewellery
 g - a ring of resist corrosion (melded)
 n - a ring of see invisible (melded)
 o - a ring of positive energy
Scrolls
 f - 2 scrolls of summoning
 h - a scroll of enchant armour {unknown}
 l - a scroll of poison
 q - a scroll of identify {unknown}
 r - a scroll of noise {unknown}
 t - a scroll of immolation
 w - a scroll of amnesia {unknown}
Potions
 d - a potion of might
 i - 2 potions of curing {unknown}
 j - a potion of magic {unknown}
 p - a potion of heal wounds {unknown}


   Skills:
 + Level 3.4 Fighting
 + Level 3.5 Axes
 + Level 3.0 Armour
 + Level 1.0 Dodging
 + Level 0.4 Stealth
 + Level 3.1 Shields


You had 4 spell levels left.
You didn't know any spells.
Your spell library was empty.

Dungeon Overview and Level Annotations

Branches:
Dungeon (4/15)
 Temple: D:4-7

Altars:


Innate Abilities, Weirdness & Mutations

You are a vampire bat.
You are tiny and dextrous.
You move quickly.
You are flying.
You are immune to poison.
Your equipment is almost entirely melded.
You are incapable of wielding weapons or throwing items.
You cannot cast spells.
You do not regenerate when monsters are visible.
You are frail without blood (-20% HP).
You can heal yourself when you bite living creatures.
You are immune to poison.
You have razor-sharp teeth.
You have supernaturally acute eyesight. (SInv)
You are afflicted with vampirism and can become a bat while bloodless.


Message History

r - Retreat! s - Stop attacking. g - Guard the area. f - Follow me.
Anything else - Cancel.
Okay, then.
You begin bloodletting.
You continue bloodletting. x5
HP restored.
You become bloodless.
You turn into a vampire bat.
Your +0 war axe melds into your body.
Your +0 pair of gloves melds into your body.
Your +0 buckler melds into your body.
Your +1 chain mail of fire resistance melds into your body.
Your ring of resist corrosion melds into your body.
Your ring of see invisible melds into your body.
You feel less resistant to fire.
You feel weakened.
You feel dopey.
You feel clumsy.
You begin the revivification ritual.
You continue your ritual.
Your ball python bites the hound skeleton.
Your ball python grabs the hound skeleton.
Your ball python constricts the hound skeleton.
You continue your ritual.
Your adder bites the hound skeleton.
The hound skeleton bites you.
Your ball python bites the hound skeleton.
Your ball python constricts the hound skeleton.
Your adder barely misses the hound skeleton.
You continue your ritual.
The hound skeleton barely misses you.
Your ball python bites the hound skeleton.
Your ball python constricts the hound skeleton.
Your adder bites the hound skeleton.
You continue your ritual.
The hound skeleton bites you.
Your adder bites the hound skeleton.
Your ball python bites the hound skeleton.
Your ball python constricts the hound skeleton.
The hound skeleton bites your ball python.
Your ball python's corpse dissolves into shadows!
Your ball python explodes!
The fiery explosion engulfs the hound skeleton!!!
You destroy the hound skeleton!
The fiery explosion engulfs you!!
Ouch! That really hurt!
You die...

#......# ##.............
.......# ..○...°.§.#..#
#.####.# #.§#..§.§○☼..#
#.####.# #○°# .☼.§.§..
#......# ####.☼###○..###
#####..###.....°..○☼§☼.#
.####..##...#.#○°○§.##.#
#.#.....†....##.gb..#
....)..##...#.#§b8S§#
#.#.#..##...#☼☼○§§○.#
.##.#....○....#§§○§.# #
#.#..##§☼.###.○#§○☼☼
###.#..###§## ##.#####.#
....(... #.# #○# #
###.#.#.##.# #☼# #.#....
#§#


You could see a friendly adder (summoned, inner flame), a friendly goblin
(summoned, inner flame) and a friendly bat (summoned, inner flame).

Vanquished Creatures
  A phantom (D:4)
  A hound (D:4)
  A hound skeleton (D:3)
  Robin (D:3)
  A worm (D:4)
  A dart slug (D:1)
  2 orcs
  6 bats
  2 endoplasms (D:1)
  2 giant cockroaches (D:2)
  13 goblins
  4 hobgoblins
  A quokka (D:3)
  3 ball pythons
  A frilled lizard (D:3)
  4 kobolds
  5 rats
49 creatures vanquished.

Notes
Turn   | Place    | Note
-------+----------+-------------------------------------------
     0 | D:1      | AstroCodex24 the Vampire Fighter began the quest for the
                  | Orb.
     0 | D:1      | Reached XP level 1. HP: 17/17 MP: 1/1
    73 | D:3      | Noticed Robin
    80 | D:3      | Reached XP level 2. HP: 23/23 MP: 2/2
    85 | D:3      | Killed Robin
    96 | D:3      | Gained mutation: You are afflicted with vampirism and can
                  | become a bat while bloodless. [Vampire growth]
    96 | D:3      | Reached XP level 3. HP: 14/29 MP: 3/3
   153 | D:4      | Noticed a phantom
   173 | D:4      | Killed a phantom
   174 | D:4      | Reached XP level 4. HP: 13/35 MP: 4/4
   189 | D:4      | Reached XP level 5. HP: 13/41 MP: 5/5
   878 | D:1      | Reached skill level 1 in Dodging
  1421 | D:2      | Found a faded altar of an unknown god.
  1890 | D:3      | Killed by an exploding ball python... ignited by their
                  | inner flame

Illustrated notes

Levels and vault maps discovered:
D:1:      psy_arrival_terrarium, layout_rooms
D:2:      layout_basic, shapermc_ecumenical_altar_ellora
D:3:      layout_loops_ring, mainiacjoe_overflow_boulevard, serial_undead,
          serial_undead_f, serial_undead_a, serial_undead_f, serial_undead_a,
          serial_undead_d, serial_undead_c, serial_undead_c, uniq_robin
D:4:      layout_gridville, nicolae_dithmenos_the_darkroom

Skill      XL: |  1  2  3  4  5 |
---------------+----------------+-----
Fighting       | 3 |  3.4
Axes           | 2 3 |  3.5
Shields        | 3 |  3.1
Armour         | 3 |  3.0
Dodging        | 1 |  1.0
Stealth        | |  0.4

Action                     |  1- 3 |  4- 6 || total
---------------------------+-------+-------++-------
  Melee: War axe           |    32 |   100 ||   132
         Bite              |     3 |    12 ||    15
Ability: Bat Form          |       |     1 ||     1
         Exsanguinate      |       |     1 ||     1
         Revivify          |       |     1 ||     1
    Use: Scroll            |       |     5 ||     5
 Armour: Scale mail        |    16 |       ||    16
         Chain mail        |    11 |   126 ||   137
  Dodge: Dodged            |    12 |    42 ||    54
  Block: Buckler           |    10 |    24 ||    34

Table legend: (Time is in decaauts)
 A = Elapsed time spent in this place.
 B = Non-inter-level travel time spent in this place.
 C = Inter-level travel time spent in this place.
 D = Time resting spent in this place.
 E = Time spent auto-exploring this place.
 F = Levels seen in this place.
 G = Mean time per level.
                   A        B        C        D        E       F      G
               +--------+--------+--------+--------+--------+-----+--------+
         Total |   1938 |   1858 |     80 |      0 |      0 |   4 |  484.5 |
       Dungeon |   1938 |   1858 |     80 |      0 |      0 |   4 |  484.5 |
               +--------+--------+--------+--------+--------+-----+--------+

Top non-repeatable levels by time:
     D:2: 887 daAuts
     D:1: 641 daAuts
     D:3: 289 daAuts
     D:4: 120 daAuts
